 Dungeon Crawl Stone Soup version 0.31.0-11-ge490571c62 (webtiles) character file.

Game seed: 16384211393622362717

205 Arctor the Magician (level 5, -2/28 HPs)
             Began as a Deep Elf Fire Elementalist on Feb 2, 2024.
             Slain by Duvessa
             ... wielding a +0 short sword
              (4 damage)
             ... on level 4 of the Dungeon.
             The game lasted 00:03:08 (4149 turns).

Arctor the Magician (Deep Elf Fire Elementalist)    Turns: 4149, Time: 00:03:08

Health: -2/28      AC:  2    Str:  5    XL:     5   Next: 53%
Magic:  4/13       EV: 13    Int: 22    God:
Gold:   160        SH:  0    Dex: 15    Spells: 3/12 levels left

rFire   + . .        p - +2 dagger (speed)
rCold   + . .        (no shield)
rNeg    . . .        a - +0 robe
rPois   .            (no helmet)
rElec   .            (no cloak)
rCorr   .            (no gloves)
SInv    .            (no boots)
Will    .....        (no amulet)
Stlth   +++          c - ring of protection from fire
HPRegen 0.24/turn    l - ring of protection from cold
MPRegen 0.13/turn

%: no passive effects
@: no status effects
A: no striking features
a: no special abilities


You were on level 4 of the Dungeon.
You visited 1 branch of the dungeon, and saw 4 of its levels.

You collected 160 gold pieces.

Inventory:

Hand Weapons
 p - a +2 dagger of speed (weapon)
Armour
 a - a +0 robe (worn)
Jewellery
 c - a ring of protection from fire (left hand)
 l - a ring of protection from cold (right hand)
Scrolls
 d - a scroll of enchant weapon
 e - a scroll of teleportation {unknown}
 f - a scroll of identify {unknown}
 g - a scroll of summoning {unknown}
 h - a scroll of fear {unknown}
 k - a scroll of vulnerability {unknown}
 n - a scroll of blinking {unknown}
 o - a scroll of revelation {unknown}
Potions
 b - 2 potions of magic
 i - a potion of resistance {unknown}
 j - a potion of curing {unknown}
 m - a potion of invisibility {unknown}


   Skills:
 + Level 3.8 Dodging
 + Level 4.0 Stealth
 + Level 4.4 Spellcasting
 + Level 2.7 Conjurations
 + Level 4.2 Fire Magic


You had 3 spell levels left.
You knew the following spells:

 Your Spells              Type           Power      Damage    Failure   Level
a - Foxfire               Conj/Fire      80%        2x1d8     2%          1
b - Scorch                Fire           46%        2d6       2%          2
c - Volatile Blastmotes   Fire/Tloc      28%        2d12      14%         3
d - Inner Flame           Hex/Fire       14%        N/A       14%         3

Your spell library contained the following spells:

 Spells                   Type           Power      Damage    Failure   Level
 Slow                     Hex            16%        N/A       11%         1
 Confusing Touch          Hex            4%         N/A       32%         3
 Sigil of Binding         Hex            4%         N/A       32%         3
 Vampiric Draining        Necr           4%         2d6       32%         3
 Flame Wave               Conj/Fire      20%        2d7       26%         4


Dungeon Overview and Level Annotations

Branches:
Dungeon (4/15)
 Temple: D:4-7

Altars:
Makhleb
Okawaru
Uskayaw

Shops:
D:3 *

Annotations:
D:4 Duvessa


Message History

Duvessa is lightly wounded.
Casting: Foxfire (safe; 2% risk of failure)
Confirm with . or Enter, or press ? or * to list all spells.
Flames lash Duvessa.
Duvessa is moderately wounded.
Duvessa's fire resistance burns away.
Casting: Scorch (safe; 2% risk of failure)
Confirm with . or Enter, or press ? or * to list all spells.
Flames lash Duvessa.
Duvessa is burned terribly!
Duvessa is moderately wounded.
Duvessa barely misses you.
Casting: Scorch (safe; 2% risk of failure)
Confirm with . or Enter, or press ? or * to list all spells.
You conjure some foxfire!
Duvessa barely misses you. Duvessa hits you with a +0 short sword.
Casting: Foxfire (safe; 2% risk of failure)
Confirm with . or Enter, or press ? or * to list all spells.
You conjure some foxfire!
The foxfire hits Duvessa.
Duvessa is burned terribly!
Duvessa is moderately wounded.
The foxfire hits Duvessa but does no damage.
Duvessa is moderately wounded.
Duvessa barely misses you.
Casting: Foxfire (safe; 2% risk of failure)
Confirm with . or Enter, or press ? or * to list all spells.
You conjure some foxfire!
Duvessa hits you with a +0 short sword. Duvessa hits you with a +0 short sword!
Unknown command.
Your foxfire dissipates!
The foxfire hits Duvessa but does no damage.
Duvessa is moderately wounded.
The foxfire hits Duvessa but does no damage.
Duvessa is moderately wounded.
The foxfire hits Duvessa.
Duvessa is burned terribly!
Duvessa is heavily wounded.
Duvessa attacks as she pursues you! Duvessa hits you with a +0 short sword!
* * * LOW HITPOINT WARNING * * *
Casting: Foxfire (safe; 2% risk of failure)
Confirm with . or Enter, or press ? or * to list all spells.
Flames lash Duvessa but do no damage.
Duvessa hits you with a +0 short sword.
You die...

...>......#.#
..#.#.....#.#
§.#.........###
..#.###.#.....#
..+.# #.#...#.#
..###
#.#.....### ..
..#.#.#...## ..
..#...#....#
♣♣♣#######§@##
###e.# ♣.#..#
♣...# ♣..#..#
.....#.##
.......#..
.#........#
#.P.♣P.#.#


You could see Duvessa (berserk, combustible).

Vanquished Creatures
  Dowan (D:4)
  A jelly (D:3)
  Terence (D:2)
  3 gnolls
  An adder (D:4)
  3 dart slugs
  2 ribbon worms
  5 endoplasms
  2 giant cockroaches
  3 goblins (D:3)
  3 hobgoblins
  4 jackals (D:1)
  A quokka (D:2)
  8 ball pythons
  4 bats
  2 frilled lizards
  6 kobolds
  4 rats
54 creatures vanquished.

Vanquished Creatures (others)
  390 foxfires
390 creatures vanquished.

Grand Total: 444 creatures vanquished

Notes
Turn   | Place    | Note
-------+----------+-------------------------------------------
     0 | D:1      | Arctor the Deep Elf Fire Elementalist began the quest for
                  | the Orb.
     0 | D:1      | Reached XP level 1. HP: 10/10 MP: 6/6
   542 | D:1      | Reached XP level 2. HP: 15/15 MP: 5/8
  1013 | D:1      | Learned a level 2 spell: Scorch
  1376 | D:2      | Found a faded altar of an unknown god.
  1546 | D:2      | Noticed Terence
  1558 | D:2      | Killed Terence
  1559 | D:2      | Reached XP level 3. HP: 19/19 MP: 0/10
  2509 | D:2      | Reached XP level 4. HP: 24/24 MP: 8/11
  2674 | D:2      | Learned a level 3 spell: Volatile Blastmotes
  2678 | D:2      | Learned a level 3 spell: Inner Flame
  2782 | D:3      | Found a hide-covered altar of Uskayaw.
  2834 | D:3      | Found an iron altar of Okawaru.
  2874 | D:3      | Found a burning altar of Makhleb.
  3093 | D:3      | Found Riacarr's Assorted Antiques.
  3272 | D:3      | Identified the staff "Rauso" {rPois rF+ Fire}
  3847 | D:3      | Reached XP level 5. HP: 21/28 MP: 0/13
  4052 | D:4      | Noticed Dowan
  4069 | D:4      | Killed Dowan
  4139 | D:4      | Noticed Duvessa
  4149 | D:4      | Slain by Duvessa

Illustrated notes

Levels and vault maps discovered:
D:1:      minmay_arrival_loop, layout_rooms, skrybe_limestone_x
D:2:      layout_loops_cross, hellmonk_ecumenical_altar_pennies_from_heaven,
          minmay_door_square, kennysheep_crisscross, uniq_terence
D:3:      layout_basic, mainiacjoe_overflow_catwalk, overflow_temple_1_default,
          kennysheep_okawaru_gauntlet, serial_shops, nicolae_shop_tiny_glass,
          minmay_misc_feat_alley, minmay_misc_feat_four_crosses,
          glass_columns_c, minmay_crystal_water
D:4:      wad_woods_settlement, layout_basic, minmay_temple_entry_offerings,
          uniq_duvessa, uniq_crazy_yiuf_cottage

Skill      XL: |  1  2  3  4  5 |
---------------+----------------+-----
Dodging        | 3 |  3.8
Stealth        | 3 4 |  4.0
Conjurations   | 2 |  2.7
Spellcasting   | 4 |  4.4
Fire Magic     | 4 |  4.2

Action                     |  1- 3 |  4- 6 || total
---------------------------+-------+-------++-------
  Melee: Unarmed           |     6 |     1 ||     7
   Cast: Foxfire           |   147 |   100 ||   247
         Scorch            |     1 |     8 ||     9
    Use: Scroll            |       |     1 ||     1
 Armour: Robe              |     8 |     7 ||    15
  Dodge: Dodged            |    15 |    10 ||    25
